 Dungeon Crawl Stone Soup version 0.28.0-43-g3370ac3207 (webtiles) character file.

Game seed: 9015957355147574509

145 maissbert the Conjurer (level 5, 0/35 HPs)
             Began as a Human Conjurer on Mar 1, 2022.
             Was an Initiate of Ru.
             Slain by an ufetubus (2 damage)
             ... summoned by Eustachio
             ... on level 3 of the Dungeon.
             The game lasted 00:33:07 (6240 turns).

maissbert the Conjurer (Human Conjurer)             Turns: 6240, Time: 00:33:07

Health: 0/35       AC:  4    Str:  7      XL:     5   Next: 53%
Magic:  8/8        EV: 11    Int: 21      God:    Ru [......]
Gold:   143        SH:  0    Dex:  9 (11) Spells: 8/9 levels left

rFire   . . .      SeeInvis .   e - +1 spear
rCold   . . .      Faith    .   (no shield)
rNeg    . . .      Spirit   .   d - +0 leather armour
rPois   .          Reflect  .   (no helmet)
rElec   .          Harm     .   (no cloak)
rCorr   .          Rampage  .   i - +0 pair of gloves
Will    .....                   (no boots)
Stlth   +.........              (no amulet)
HPRegen 0.11/turn               (no ring)
MPRegen 0.11/turn               (no ring)

@: confused, ambrosia-drunk
A: no striking features
a: Renounce Religion, Sacrifice Nimbleness, Sacrifice Arcana, Sacrifice
Durability, Reject Sacrifices


You were on level 3 of the Dungeon.
You worshipped Ru.
Ru was noncommittal.
You visited 1 branch of the dungeon, and saw 4 of its levels.

You collected 143 gold pieces.

Inventory:

Hand Weapons
 e - a +1 spear (weapon)
Missiles
 a - 42 sling bullets
 c - 61 stones
 g - 57 arrows
Armour
 d - a +0 leather armour (worn)
 i - a +0 pair of gloves (worn)
Scrolls
 f - a scroll of fear
 h - 3 scrolls of identify
Potions
 b - a potion of ambrosia
 j - 2 potions of heal wounds


   Skills:
 * Level 1.9(2.1) Polearms
 * Level 1.1(1.6) Staves
 * Level 2.0 Armour
 * Level 2.4 Dodging
 - Level 2.0 Stealth
 * Level 2.5 Spellcasting
 * Level 4.6 Conjurations


You had 8 spell levels left.
You knew the following spells:

 Your Spells              Type           Power      Damage    Failure   Level
a - Magic Dart            Conj           88%        1d7       3%          1

Your spell library contained the following spells:

 Spells                   Type           Power      Damage    Failure   Level
 Searing Ray              Conj           44%        2d6       4%          2
 Dazzling Flash           Conj/Hex       24%        N/A       24%         3
 Fulminant Prism          Conj/Hex       6%         3d7       61%         4
 Iskenderun's Mystic Bla  Conj/Tloc      12%        2d5       61%         4


Dungeon Overview and Level Annotations

Branches:
Dungeon (4/15)
 Temple: D:4-7

Altars:
Ru

Shops:
D:1 (

Annotations:
D:3 Eustachio


Message History

You completely miss Eustachio.
Eustachio is moderately wounded.
The ufetubus hits you. x2; The ufetubus closely misses you. x2
Eustachio hits you with a +0 rapier.
You are confused.
You feel invigorated. The ufetubus hits you.
The ufetubus hits you but does no damage.
The ufetubus closely misses you.
The ufetubus hits you but does no damage.
Eustachio hits you with a +0 rapier. The ufetubus barely misses you.
The ufetubus closely misses you.
The ufetubus hits you but does no damage.
The ufetubus hits you.
* * * LOW HITPOINT WARNING * * *
You miss the ufetubus. The ufetubus misses you. x2
The ufetubus closely misses you.
The ufetubus hits you but does no damage.
Eustachio hits you with a +0 rapier.
You miss Eustachio.
Eustachio is moderately wounded.
The ufetubus hits you. The ufetubus barely misses you. The ufetubus hits you.
The ufetubus hits you but does no damage.
Eustachio closely misses you. The ufetubus hits you.
* * * LOW HITPOINT WARNING * * *
The ufetubus barely misses you. The ufetubus closely misses you.
The ufetubus hits you but does no damage.
You closely miss the ufetubus.
The ufetubus hits you but does no damage.
The ufetubus closely misses you. The ufetubus barely misses you.
The ufetubus hits you. Eustachio hits you with a +0 rapier!
* * * LOW HITPOINT WARNING * * *
You miss Eustachio.
Eustachio is moderately wounded.
The ufetubus hits you but does no damage.
The ufetubus barely misses you. x2; The ufetubus hits you.
* * * LOW HITPOINT WARNING * * *
Eustachio closely misses you.
The ufetubus hits you but does no damage.
The ufetubus hits you.
You die...

# #......†#.#.#.#.#
####.......#.....#.#
..##.......#.#.#.#.###
#.##.................#
#)†.......###..#.#.###
..............>....#
######.#####..##b### #
#...# #...55# ## #...#
#.###@# .# #...# #.#
#@# .#####.# #.# #r#
..# #.# #.# #5# #.#
##.#####.###.#
#†###............#
#..##....#########
##.##....# #.##....#


You could see Eustachio, 3 ufetubi, a bat (summoned) and a rat (summoned).

Vanquished Creatures
  A centaur skeleton (D:3)
  4 adders
  An adder skeleton (D:3)
  4 worms
  A dart slug (D:2)
  5 bats
  6 endoplasms
  4 giant cockroaches
  4 goblins
  4 hobgoblins
  9 jackals
  2 kobolds
  3 quokkas
  3 ball pythons
  3 frilled lizards
  2 rats
56 creatures vanquished.

Notes
Turn   | Place    | Note
-------+----------+-------------------------------------------
     0 | D:1      | maissbert the Human Conjurer began the quest for the Orb.
     0 | D:1      | Reached XP level 1. HP: 13/13 MP: 3/3
   149 | D:1      | Reached XP level 2. HP: 19/19 MP: 0/5
   370 | D:1      | Found Ucsyzerch's Weapon Shoppe.
  3627 | D:2      | Reached XP level 3. HP: 24/24 MP: 4/6
  3677 | D:2      | Found a faded altar of an unknown god.
  3687 | D:2      | Prayed at the altar of an unknown god.
  3687 | D:2      | Became a worshipper of Ru the Awakened
  3743 | D:2      | Reached skill level 1 in Armour
  4256 | D:2      | Reached XP level 4. HP: 30/30 MP: 0/7
  4429 | D:2      | Reached skill level 1 in Polearms
  5787 | D:3      | Reached skill level 1 in Staves
  5787 | D:3      | Reached XP level 5. HP: 24/35 MP: 2/8
  6153 | D:4      | Noticed Eustachio
  6239 | D:3      | HP: 1/35 [Eustachio/+0 rapier (10)]
  6240 | D:3      | Slain by an ufetubus

Illustrated notes

Levels and vault maps discovered:
D:1:      dpeg_arrival_castle, layout_loops_ring, serial_shops,
          nicolae_shop_bloodbath_and_beyond
D:2:      layout_loops_corners, basic_ecumenical_altar
D:3:      layout_basic
D:4:      layout_basic, minmay_temple_entry_enclosed_plants, uniq_eustachio

Skill      XL: |  1  2  3  4  5 |
---------------+----------------+-----
Armour         | 1 2 |  2.0
Polearms       | 1 |  1.9
Staves         | 1 |  1.1
Dodging        | |  2.4
Stealth        | |  2.0
Spellcasting   | |  2.5
Conjurations   | |  4.6

Action                   |  1- 3 |  4- 6 || total
-------------------------+-------+-------++-------
Melee: Spear             |    29 |   140 ||   169
       Punch             |       |     1 ||     1
 Cast: Magic Dart        |    50 |    51 ||   101
  Use: Scroll            |     5 |     1 ||     6
       Potion            |     4 |     4 ||     8
Armor: Leather armour    |    10 |    84 ||    94
Dodge: Dodged            |    28 |   126 ||   154
